 Dungeon Crawl Stone Soup version 0.23.1-37-gaa34b87 (webtiles) character file.

Game seed: 4475098084718545513

199 vishdafish the Insei (level 5, -4/33 HPs)
             Began as an Octopode Transmuter on Mar 21, 2019.
             Slain by an orc wizard
             ... wielding a +0 dagger
              (5 damage)
             ... on level 3 of the Dungeon.
             The game lasted 00:02:58 (2722 turns).

vishdafish the Insei (Octopode Transmuter)          Turns: 2722, Time: 00:02:59

Health: -4/33      AC:  1    Str: 11    XL:     5   Next: 77%
Magic:  0/8        EV: 14    Int: 15    God:
Gold:   104        SH:  0    Dex: 12    Spells: 5/8 levels left

rFire    . . .     SeeInvis .     - Unarmed
rCold    + . .     Gourm    .   (no shield)
rNeg     . . .     Faith    .   (helmet restricted)
rPois    .         Spirit   +   k - amulet of guardian spirit
rElec    .         Reflect  .   b - ring of protection from cold
rCorr    .         Harm     .   (no ring)
MR       .....                  (no ring)
Stlth    +++.......             (no ring)
HPRegen  0.11/turn              (no ring)
MPRegen  0.11/turn              (no ring)
                                (no ring)
                                (no ring)

@: no status effects
A: almost no armour, stealthy swim, amphibious, 8 rings, constrict 8, camouflage
1, gelatinous body 1
a: no special abilities


You were on level 3 of the Dungeon.
You were near starving.

You visited 1 branch of the dungeon, and saw 3 of its levels.

You collected 104 gold pieces.

Inventory:

Missiles
 a - 16 arrows
Jewellery
 b - a ring of protection from cold (left tentacle)
 k - an amulet of guardian spirit (around mantle)
Wands
 i - a wand of digging (7)
Scrolls
 d - a scroll of amnesia {unknown}
 e - 4 scrolls of identify {unknown}
 f - 2 scrolls of teleportation {unknown}
 g - 2 scrolls of fog
 m - a scroll of immolation {unknown}
Potions
 h - a potion of lignification {unknown}
 j - a potion of flight {unknown}
 l - a potion of resistance {unknown}
 n - a potion of curing {unknown}
Comestibles
 c - 2 rations


   Skills:
 - Level 1.2 Fighting
 - Level 2.6 Dodging
 - Level 2.2 Stealth
 - Level 4.4 Unarmed Combat
 - Level 2.4 Spellcasting
 + Level 3.4 Transmutations


You had 5 spell levels left.
You knew the following spells:

 Your Spells              Type           Power        Failure   Level  Hunger
a - Beastly Appendage     Tmut           ##....       4%          1    #......
b - Sticks to Snakes      Tmut           ##......     8%          2    ###....

Your spell library contained the following spells:

 Spells                   Type           Power        Failure   Level  Hunger
 Spider Form              Tmut/Pois      #.........   30%         3    ###....
 Ice Form                 Ice/Tmut       #.......     71%         4    #####..
 Blade Hands              Tmut           ##........   80%         5    ######.


Dungeon Overview and Level Annotations

Branches:
Dungeon (3/15)

Altars:


Innate Abilities, Weirdness & Mutations

You cannot wear most types of armour.
You are very stealthy in the water. (Stealth+)
You are amphibious.
You can wear up to eight rings at the same time.
You can use your tentacles to constrict eight enemies at once.
Your skin changes colour to match your surroundings (Stealth+).
Your rubbery body absorbs attacks. (AC +1, EV +1)


Message History

Something barely misses your adder.
Your adder barely misses something.
You are near starving!
Something hits your adder.
A magic dart appears from out of thin air!
The magic dart hits your adder.
Your adder dies!
Your tentacle spike disappears.
A puff of flame appears from out of thin air!
The puff of flame hits you! Something hits you.
You hear some strange, mumbled words.
A magic dart appears from out of thin air!
The magic dart hits you!
You hear some strange, mumbled words.
A puff of flame appears from out of thin air!
The puff of flame hits you!
* * * LOW HITPOINT WARNING * * *
Okay, then.
Something hits you.
You die...

... #.#
###
......#
#.##..#
#(....#
#.....#
#.....#
#@....#
#.....#
#.....#
#.....#
#.....#
#.###.#o#
#.#<#.#.#
#)#.#.#.#
#.#.#.#.#


You could see an orc.

Vanquished Creatures
  An orc wizard (D:3)
  Crazy Yiuf (D:2)
  Terence (D:2)
  A worker ant (D:2)
  Robin (D:2)
  4 adders (D:2)
  A dart slug (D:1)
  3 leopard geckos
  10 goblins
  9 hobgoblins
  A kobold (D:2)
  A quokka (D:2)
  5 bats
  A frilled lizard (D:2)
  4 rats
44 creatures vanquished.

Notes
Turn   | Place    | Note
-------+----------+-------------------------------------------
     0 | D:1      | vishdafish the Octopode Transmuter began the quest for the
                  | Orb.
     0 | D:1      | Reached XP level 1. HP: 13/13 MP: 3/3
   212 | D:1      | Reached XP level 2. HP: 13/18 MP: 5/5
   890 | D:2      | Reached XP level 3. HP: 21/23 MP: 4/6
  1203 | D:2      | Noticed Terence
  1219 | D:2      | Killed Terence
  1219 | D:2      | Reached skill level 1 in Stealth
  1219 | D:2      | Reached skill level 4 in Unarmed Combat
  1219 | D:2      | Reached XP level 4. HP: 14/28 MP: 7/7
  1416 | D:2      | Noticed Robin
  1424 | D:2      | Killed Robin
  2066 | D:2      | Reached XP level 5. HP: 13/33 MP: 4/8
  2535 | D:2      | Found a runed translucent door.
  2536 | D:2      | Noticed Crazy Yiuf
  2602 | D:2      | Learned a level 2 spell: Sticks to Snakes
  2609 | D:2      | Killed Crazy Yiuf
  2720 | D:3      | HP: 1/33 [something/puff of flame (10)]
  2722 | D:3      | Slain by an orc wizard

Skill      XL: |  1  2  3  4  5 |
---------------+----------------+-----
Stealth        | 1 2 |  2.2
Unarmed Combat | 4 |  4.4
Transmutations | 3 |  3.4
Fighting       | |  1.2
Dodging        | |  2.6
Spellcasting   | |  2.4

Action                   |  1- 3 |  4- 6 || total
-------------------------+-------+-------++-------
Melee: Unarmed           |    57 |    69 ||   126
       Constrict         |    14 |    18 ||    32
       Kick              |     9 |     6 ||    15
       Tentacles         |     5 |    11 ||    16
       Punch             |     1 |       ||     1
 Cast: Beastly Appendage |     6 |     2 ||     8
       Sticks to Snakes  |       |     3 ||     3
  Use: Scroll            |     1 |       ||     1
       Potion            |       |     1 ||     1
 Stab: Sleeping          |     3 |     4 ||     7
  Eat: Ration            |       |     1 ||     1
       Chunk             |       |     1 ||     1
Armor: Skin              |     2 |     4 ||     6
Dodge: Dodged            |    29 |    54 ||    83
